 Dungeon Crawl Stone Soup version 0.23.2-1-ga50397a (webtiles) character file.

Game seed: 11316906121842081564

3648 sankara the Carver (level 9, -1/74 HPs)
             Began as a Minotaur Gladiator on May 20, 2019.
             Was a High Priest of Uskayaw.
             Slain by a two-headed ogre
             ... wielding a +0 giant spiked club
              (10 damage)
             ... on level 7 of the Dungeon.
             The game lasted 00:22:05 (5895 turns).

sankara the Carver (Minotaur Gladiator)             Turns: 5895, Time: 00:22:06

Health: -1/74      AC: 15    Str: 20    XL:     9   Next: 88%
Magic:  10/11      EV: 13    Int:  5    God:    Uskayaw [*****.]
Gold:   470        SH:  0    Dex: 17    Spells: 8/8 levels left

rFire    + + .     SeeInvis .   a - +4 falchion "Bagoraugh" {flame, rF++}
rCold    . . .     Gourm    .   (no shield)
rNeg     + . .     Faith    .   x - +2 chain mail {MR+}
rPois    .         Spirit   .   B - +0 hat
rElec    .         Reflect  .   (no cloak)
rCorr    .         Harm     .   m - +1 pair of gloves {Dex+3}
MR       +....                  I - +0 pair of boots
Stlth    ..........             (no amulet)
HPRegen  0.22/turn              i - ring of positive energy {rN+}
MPRegen  0.12/turn              y - +3 ring of evasion

@: no status effects
A: retaliatory headbutt, horns 2
a: Stomp, Line Pass, Grand Finale, Renounce Religion


You were on level 7 of the Dungeon.
You worshipped Uskayaw.
Uskayaw was noncommittal.
You were not hungry.

You visited 2 branches of the dungeon, and saw 8 of its levels.

You collected 470 gold pieces.

Inventory:

Hand Weapons
 a - the +4 falchion "Bagoraugh" (weapon) {flame, rF++}
   (You found it on level 4 of the Dungeon)

   It has been specially enchanted to burn those struck by it, causing extra
   injury to most foes and up to half again as much damage against particularly
   susceptible opponents.
   Big, fiery blades are also staple armaments of hydra-hunters.
   It greatly protects you from fire.
 b - the +5 dagger of Drought {pain, rPois}
   (You found it on level 4 of the Dungeon)

   In the hands of one skilled in necromantic magic, it inflicts extra damage on
   living creatures.
   It protects you from poison.
 c - a +0 dagger
   (You took it off a kobold on level 2 of the Dungeon)
 d - a +0 hunting sling
   (You took it off a goblin on level 3 of the Dungeon)
 E - a +0 long sword
 F - a +1 short sword of electrocution
   (You took it off a kobold on level 3 of the Dungeon)
 M - a +2 dagger of flaming
   (You took it off an orc wizard on level 6 of the Dungeon)
Missiles
 e - 175 stones (quivered)
 q - 8 tomahawks
 u - 22 poisoned needles
 A - 3 throwing nets {=f, !d}
Armour
 m - a +1 pair of gloves of dexterity (worn)
   (You found it on level 1 of the Dungeon)
 v - a +1 pair of gloves of strength
   (You found it on level 4 of the Dungeon)
 x - a +2 chain mail of magic resistance (worn)
   (You took it off Duvessa on level 4 of the Dungeon)
 B - a +0 hat (worn)
 I - a +0 pair of boots (worn)
   (You found it on level 5 of the Dungeon)
Jewellery
 i - a ring of positive energy (left hand) {rN+}
   (You found it on level 1 of the Dungeon)
 k - an uncursed ring of fire {rF+, rC-}
   (You found it on level 1 of the Dungeon)
 w - a +5 ring of dexterity
   (You found it on level 6 of the Dungeon)
 y - a +3 ring of evasion (right hand)
   (You found it on level 3 of the Dungeon)
Scrolls
 g - 3 scrolls of magic mapping {unknown}
 h - 6 scrolls of identify {unknown}
 j - a scroll of enchant armour {unknown}
 l - 2 scrolls of teleportation {unknown}
 n - a scroll of remove curse {unknown}
 p - 4 scrolls of amnesia {unknown}
 r - 3 scrolls of immolation {unknown}
 s - a scroll of fear {unknown}
 t - a scroll of random uselessness {unknown}
 D - a scroll of fog {unknown}
 G - a scroll of noise {unknown}
 K - a scroll of enchant weapon {unknown}
 L - a scroll of blinking {unknown}
Potions
 o - 3 potions of haste
 z - a potion of ambrosia
 C - 2 potions of degeneration {unknown}
 H - a potion of resistance {unknown}
 J - a potion of lignification {unknown}
 N - a potion of curing
 O - a potion of berserk rage {unknown}
Comestibles
 f - 12 rations
 P - a chunk of flesh {@w0}


   Skills:
 - Level 5.0 Fighting
 * Level 13.4 Long Blades
 - Level 2.0 Throwing
 - Level 5.6 Armour
 - Level 5.1 Dodging
 + Level 4.5 Invocations


You had 8 spell levels left.
You didn't know any spells.
Your spell library was empty.

Dungeon Overview and Level Annotations

Branches:
Dungeon (7/15)             Temple (1/1) D:5

Altars:
Ashenzari
Cheibriados
Dithmenos
Elyvilon
Fedhas
Gozag
Hepliaklqana
Kikubaaqudgha
Makhleb
Nemelex Xobeh
Okawaru
Qazlal
Ru
Sif Muna
Uskayaw
Vehumet
Yredelemnul
Zin
The Shining One

Annotations:
D:2 1 runed translucent door, Crazy Yiuf


Innate Abilities, Weirdness & Mutations

You reflexively headbutt those who attack you in melee.
You have a pair of horns on your head.


Message History

The jackal barks!
The bullfrog closely misses you. The bullfrog barely misses you.
A jackal comes into view.
You closely miss the bullfrog. Your headbutt misses the bullfrog.
A jackal comes into view.
The bullfrog barely misses you. You furiously retaliate!
You headbutt the bullfrog.
The jackal moves out of view.
You slash the bullfrog! You burn the bullfrog.
The bullfrog is almost dead.
The bullfrog barely misses you.
You riposte.
You barely miss the bullfrog. You headbutt the bullfrog.
You kill the bullfrog!
You can now pass through a line of other dancers.
The jackal barks!
Harold hits you with a +2 glaive of flaming!
Harold burns you.
You see here a bullfrog corpse.
You slash Harold! You burn Harold.
Harold is lightly wounded.
You hit Harold. You burn Harold. You headbutt Harold, but do no damage.
Harold is moderately wounded.
The adder skeleton misses you.
Harold hits you with a +2 glaive of flaming!
Harold burns you.
Press: ? - help, v - describe, . - travel
Here: Harold, wielding a +2 glaive of flaming and wearing a cursed +0 scale mail (moderately wounded)
The floor, spattered with blood.
Okay, then.
You slash Harold! You burn Harold.
Harold is moderately wounded.
Uskayaw will force your foes to helplessly watch your dance.
Uskayaw prepares the audience for your solo!
The +4 falchion "Bagoraugh" {flame, rF++} stops flaming.
You have a feeling of ineptitude.
b - the +5 dagger of Drought (weapon)
{pain, rPois} The helpless Harold fails to defend himself.
You impale Harold!!
Harold is severely wounded.
Harold is no longer paralysed.
Harold hits you with a +2 glaive of flaming.
Harold burns you.
A two-headed ogre comes into view.
It is wielding a +0 giant spiked club and a +0 giant club.
The +4 falchion "Bagoraugh" {flame, rF++} bursts into flame!
a - the +4 falchion "Bagoraugh" (weapon)
{flame, rF++} The two-headed ogre shouts in stereo!
You barely miss Harold. You headbutt Harold.
Harold is severely wounded.
The jackal is no longer paralysed. x3
The adder skeleton is no longer paralysed.
The adder skeleton bites you but does no damage.
Harold hits you with a +2 glaive of flaming!
Harold burns you.
You hit Harold. You burn Harold. You headbutt Harold, but do no damage.
Harold is almost dead.
The adder skeleton bites you but does no damage.
Uskayaw will force your foes to share their pain.
Uskayaw links your audience in an emotional bond!
You hit Harold.
You kill the jackal! x3
You burn Harold.
You kill Harold!
Harold looks down at his mortal wounds and cries, "But... this was my last day before retirement..."
Training target 5.0 for Armour reached!
Your Long Blades skill increases to level 13!
Your Armour skill increases to level 5!
Your Invocations skill increases to level 4!
Okay, then.
You slash the adder skeleton! You burn the adder skeleton.
You destroy the adder skeleton!
Okay, then.
Things that are here:
a +2 glaive of flaming; 2 throwing nets {=f, !d}; a cursed +0 scale mail You are too injured to fight recklessly!
You are too injured to fight recklessly!
The two-headed ogre hits you with a +0 giant spiked club!
* * * LOW HITPOINT WARNING * * *
The two-headed ogre misses you.
You see here a jackal corpse.
You hit the two-headed ogre. You burn the two-headed ogre.
You headbutt the two-headed ogre.
The two-headed ogre is lightly wounded.
You hit the two-headed ogre. You burn the two-headed ogre.
You headbutt the two-headed ogre!
The two-headed ogre is moderately wounded.
The two-headed ogre is no longer sharing its pain.
The two-headed ogre barely misses you. You furiously retaliate!
You headbutt the two-headed ogre.
You riposte.
You hit the two-headed ogre. You burn the two-headed ogre.
You headbutt the two-headed ogre, but do no damage.
The two-headed ogre is heavily wounded.
The two-headed ogre barely misses you.
You hit the two-headed ogre but do no damage.
You headbutt the two-headed ogre!
The two-headed ogre is severely wounded.
An adder comes into view.
You can now merge with and destroy a victim.
You slash the two-headed ogre! You burn the two-headed ogre.
The two-headed ogre is almost dead.
The two-headed ogre hits you with a +0 giant spiked club!
You die...

###########
#.........#
##..$......#
####..........##
####...[.†)†.......
#......####@O......
#.###.## #........
#####.##..#
######S##
##........## #
(((..).####
########


You could see a two-headed ogre and an adder.

Vanquished Creatures
  Harold (D:7)
  Grinder (D:4)
  Eustachio (D:6)
  Duvessa (D:4)
  3 orc warriors
  3 sky beasts
  5 ogres
  2 phantoms
  2 centaurs (D:7)
  2 bullfrogs
  2 scorpions (D:4)
  Dowan (D:4)
  A howler monkey (D:5)
  2 crimson imps (D:5)
  4 orc priests
  3 hounds
  A jelly (D:5)
  6 orc wizards
  A bullfrog skeleton (D:4)
  5 worker ants
  2 hound skeletons
  4 gnolls
  6 adders
  2 shadow imps
  2 oozes
  3 adder skeletons
  5 worms
  3 leopard geckos
  17 orcs
  2 ball pythons
  7 giant cockroaches
  8 goblins
  8 hobgoblins
  19 jackals
  8 kobolds
  2 quokkas (D:2)
  4 bats
  5 frilled lizards
  8 rats
  2 fungi (D:2)
164 creatures vanquished.

Notes
Turn   | Place    | Note
-------+----------+-------------------------------------------
     0 | D:1      | sankara the Minotaur Gladiator began the quest for the Orb.
     0 | D:1      | Reached XP level 1. HP: 18/18 MP: 0/0
    55 | D:1      | Reached skill level 4 in Long Blades
   165 | D:1      | Reached XP level 2. HP: 25/25 MP: 1/1
   254 | D:1      | Reached skill level 5 in Long Blades
   491 | D:1      | Reached XP level 3. HP: 27/30 MP: 2/2
   900 | D:2      | Reached XP level 4. HP: 37/37 MP: 3/3
   945 | D:2      | Reached skill level 6 in Long Blades
  1556 | D:2      | Found a runed translucent door.
  1557 | D:2      | Noticed Crazy Yiuf
  2116 | D:4      | Noticed Dowan
  2123 | D:4      | Killed Dowan
  2123 | D:4      | Reached skill level 7 in Long Blades
  2123 | D:4      | Reached XP level 5. HP: 41/42 MP: 4/4
  2313 | D:4      | Reached skill level 8 in Long Blades
  2351 | D:4      | Got an ancient falchion
  2352 | D:4      | Identified the +4 falchion "Bagoraugh" {flame, rF++} (You
                  | found it on level 4 of the Dungeon)
  2398 | D:4      | Found a sparkling altar of Nemelex Xobeh.
  2452 | D:4      | Reached XP level 6. HP: 50/50 MP: 5/5
  2489 | D:4      | Reached skill level 9 in Long Blades
  2592 | D:4      | Noticed Duvessa
  2597 | D:4      | Got a jewelled dagger
  2605 | D:4      | HP: 8/50 [Duvessa/+2 short sword of protection (11)]
  2609 | D:4      | HP: 2/50 [Duvessa/+2 short sword of protection (16)]
  2614 | D:4      | HP: 8/50 [Duvessa/+2 short sword of protection (1)]
  2616 | D:4      | Killed Duvessa
  2616 | D:4      | Reached skill level 10 in Long Blades
  2616 | D:4      | Reached XP level 7. HP: 9/56 MP: 6/6
  2624 | D:4      | Identified the +5 dagger of Drought {pain, rPois} (You
                  | found it on level 4 of the Dungeon)
  2989 | D:4      | Noticed Grinder
  2998 | D:4      | Paralysed by Grinder for 5 turns
  3011 | D:4      | Killed Grinder
  3011 | D:4      | Reached skill level 11 in Long Blades
  3206 | D:5      | Entered Level 5 of the Dungeon
  3258 | D:5      | Found a staircase to the Ecumenical Temple.
  3267 | Temple   | Entered the Ecumenical Temple
  3375 | Temple   | Became a worshipper of Uskayaw the Reveler
  3595 | D:5      | Reached * piety under Uskayaw
  3596 | D:5      | Reached skill level 1 in Armour
  3596 | D:5      | Reached XP level 8. HP: 62/62 MP: 7/7
  3748 | D:5      | Reached ** piety under Uskayaw
  3750 | D:5      | Reached skill level 3 in Fighting
  3862 | D:5      | Reached skill level 1 in Invocations
  4170 | D:5      | Reached skill level 2 in Armour
  4174 | D:5      | Reached *** piety under Uskayaw
  4330 | D:5      | Reached skill level 4 in Dodging
  4703 | D:6      | Reached skill level 4 in Fighting
  4703 | D:6      | Reached skill level 2 in Invocations
  4710 | D:6      | Reached **** piety under Uskayaw
  4715 | D:6      | Reached ***** piety under Uskayaw
  4718 | D:6      | Reached skill level 12 in Long Blades
  4718 | D:6      | Reached skill level 3 in Armour
  4965 | D:6      | Reached XP level 9. HP: 72/72 MP: 9/9
  5396 | D:6      | Noticed Eustachio
  5413 | D:6      | Killed Eustachio
  5413 | D:6      | Reached skill level 5 in Dodging
  5413 | D:6      | Reached skill level 3 in Invocations
  5459 | D:6      | Reached skill level 4 in Armour
  5467 | D:6      | Reached skill level 5 in Fighting
  5807 | D:7      | Found a burning altar of Makhleb.
  5875 | D:7      | Noticed Harold
  5884 | D:7      | Noticed a two-headed ogre
  5888 | D:7      | Killed Harold
  5888 | D:7      | Reached skill level 13 in Long Blades
  5888 | D:7      | Reached skill level 5 in Armour
  5888 | D:7      | Reached skill level 4 in Invocations
  5891 | D:7      | HP: 9/74 [two-headed ogre/+0 giant spiked club (16)]
  5895 | D:7      | Slain by a two-headed ogre

Skill      XL: |  1  2  3  4  5  6  7  8  9 |
---------------+----------------------------+-----
Long Blades    | 4 5 7 8 10 11 12 13 | 13.4
Armour         | 1 3 5 |  5.6
Fighting       | 4 5 |  5.0
Invocations    | 2 4 |  4.5
Dodging        | 4 5 |  5.1
Throwing       | |  2.0

Action                   |  1- 3 |  4- 6 |  7- 9 || total
-------------------------+-------+-------+-------++-------
Melee: Long sword        |    55 |    55 |       ||   110
       Headbutt          |    10 |    25 |    56 ||    91
       Short sword       |       |    39 |       ||    39
       Falchion          |       |    28 |   189 ||   217
       Dagger            |       |       |     5 ||     5
Invok: Stomp             |       |       |     1 ||     1
       Line Pass         |       |       |     1 ||     1
  Use: Potion            |       |     4 |     3 ||     7
 Stab: Sleeping          |     1 |     1 |       ||     2
       Paralysed         |       |       |     3 ||     3
  Eat: Chunk             |       |     5 |    11 ||    16
Armor: Leather armour    |    18 |    35 |     1 ||    54
       Chain mail        |       |       |    60 ||    60
Dodge: Dodged            |    29 |    76 |    71 ||   176
       Rpst.: Long sword |    10 |    10 |       ||    20
       Falchion          |       |     5 |    17 ||    22

Levels and vault maps discovered:
D:1:      evilmike_arrival_run_for_it, layout_basic
D:2:      layout_basic, serial_corexii_hall, corexii_hall_statues_i,
          corexii_hall_statues_i, uniq_crazy_yiuf_cottage
D:3:      layout_rooms
D:4:      layout_loops_ring, nemelex_diamond_rough_becter, uniq_duvessa,
          uniq_grinder
D:5:      layout_loops_corners, minmay_temple_entry_stoned_glass, first_ration,
          lemuel_flame_loot_1
D:6:      layout_loops_ring, uniq_eustachio
D:7:      layout_rooms, overflow_temple_1_default, bloody_trog, uniq_harold
Temple:   dpeg_five_rooms_temple

Table legend:
 A = Turns spent in this place as a percentage of turns spent in the entire game.
 B = Non-inter-level travel turns spent in this place as a percentage of non-inter-level travel turns spent in the entire game.
 C = Inter-level travel turns spent in this place as a percentage of turns spent in this place.
 D = Turns resting spent in this place as a percentage of non-inter-level travel turns spent in this place.
 E = Turns spent auto-exploring this place as a percentage of non-inter-level travel turns spent in this place.
 F = Non-inter-level travel turns spent in this place divided by the number of levels of this place that you've seen.
                   A       B       C       D       E      F
               +-------+-------+-------+-------+-------+----------------------
         Total | 100.0 | 100.0 |   4.6 |  22.9 |  55.3 | 702.9
       Dungeon |  94.5 |  96.0 |   3.1 |  23.9 |  54.2 | 771.3
        Temple |   5.5 |   4.0 |  30.7 |   0.0 |  82.1 | 224.0
               +-------+-------+-------+-------+-------+----------------------

Table legend:
 A = Kills in this place as a percentage of kills in entire the game.
 B = Kills by you in this place as a percentage of kills by you in the entire game.
 C = Kills by friends in this place as a percentage of kills by friends in the entire game.
 D = Other kills in this place as a percentage of other kills in the entire game.
 E = Experience gained in this place as a percentage of experience gained in the entire game.
 F = Experience gained in this place divided by the number of levels of this place that you have seen.
                   A       B       C       D       E      F
               +-------+-------+-------+-------+-------+----------------------
         Total | 100.0 | 100.0 |   N/A |   N/A | 100.0 | 651.5
       Dungeon | 100.0 | 100.0 |   N/A |   N/A | 100.0 | 744.6
               +-------+-------+-------+-------+-------+----------------------
